 Dungeon Crawl Stone Soup version 0.28-a0-793-g31680bbd8b (webtiles) character file.

Game seed: 5224639673730276324

52 demibob the Ruffian (level 3, 0/31 HPs)
             Began as a Ghoul Monk on Nov 4, 2021.
             Was a Believer of Okawaru.
             Slain by a gnoll (8 damage)
             ... on level 2 of the Dungeon.
             The game lasted 00:01:28 (1557 turns).

demibob the Ruffian (Ghoul Monk)                    Turns: 1557, Time: 00:01:30

Health: 0/31       AC:  2    Str: 14    XL:     3   Next: 85%
Magic:  2/2        EV: 12    Int:  5    God:    Okawaru [**....]
Gold:   22         SH:  0    Dex: 12    Spells: 2/2 levels left

rFire   . . .      SeeInvis .     - Unarmed
rCold   + . .      Faith    .   (no shield)
rNeg    + + +      Spirit   .   a - +0 robe
rPois   ∞          Reflect  .   (no helmet)
rElec   .          Harm     .   (no cloak)
rCorr   .          Rampage  .   (no gloves)
Will    .....                   (no boots)
Stlth   ++........              (no amulet)
HPRegen 0.00/turn               (no ring)
MPRegen 0.08/turn               (no ring)

@: inhibited regen
A: claws 1, cold resistance 1, negative energy resistance 3, inhibited
regeneration, torment resistance 2
a: Renounce Religion, Heroism


You were on level 2 of the Dungeon.
You worshipped Okawaru.
Okawaru was pleased with you.
You visited 1 branch of the dungeon, and saw 2 of its levels.

You collected 22 gold pieces.


Innate Abilities, Weirdness & Mutations

You thrive by killing the living.
You are immune to poison.
You have sharp fingernails.
Your flesh is cold resistant. (rC+)
You are immune to negative energy. (rN+++)
You do not regenerate when monsters are visible.
You are immune to unholy pain and torment.


   Skills:
 - Level 3.2 Fighting
 - Level 2.6 Dodging
 - Level 2.1 Stealth
 + Level 4.9 Unarmed Combat
 + Level 1.2 Invocations


You had 2 spell levels left.
You didn't know any spells.
Your spell library was empty.

Inventory:

Armour
 a - a +0 robe (worn)
Wands
 e - a wand of charming (7)
Potions
 b - a potion of berserk rage {unknown}
 c - a potion of curing {@q1}
 d - a potion of heal wounds {unknown}
 f - a potion of flight {unknown}

Dungeon Overview and Level Annotations

Branches:
Dungeon (2/15)

Altars:
Okawaru

Shops:
D:1

* #...≈ ##.## ##
# #.# ..# #.# #.#
#.# # #...# #.#
##. ##.# .## #.#
#...##.# #.# #.#
#..gS@.#
#.######.##
#..g##)##
##.......... ###
##(###.#######...
##...## ####
.........##
##########


You could see 2 gnolls and a ball python.


Message History

The gnoll shouts!
The gnoll throws a throwing net.
The throwing net closely misses you.
Your Invocations skill increases to level 1!
A rat and a gnoll come into view.
The gnoll shouts!
You hear an angry hiss.
A ball python comes into view.
The rat moves out of view.
Things that are here:
a +3 whip; a gnoll corpse You barely miss the rat.
The rat closely misses you. The gnoll barely misses you.
You scratch the rat.
You kill the rat!
Okawaru accepts your kill. The gnoll barely misses you. x2
You closely miss the ball python.
The gnoll hits you from afar with a +0 spear.
The ball python misses you. The ball python closely misses you.
The gnoll barely misses you.
You barely miss the ball python. The ball python closely misses you. x2
The gnoll closely misses you.
The gnoll hits you from afar with a +0 halberd!
You scratch the ball python but do no damage.
The ball python bites you.
* * * LOW HITPOINT WARNING * * *
The ball python misses you.
The gnoll hits you from afar with a +0 spear.
* * * LOW HITPOINT WARNING * * *
The gnoll hits you from afar with a +0 halberd!
You die...

Skill      XL: |  1  2  3 |
---------------+----------+-----
Unarmed Combat | 4 |  4.9
Invocations    | 1 |  1.2
Fighting       | |  3.2
Dodging        | |  2.6
Stealth        | |  2.1

Action                   || total
-------------------------++-------
Melee: Unarmed           ||    82
  Use: Scroll            ||     3
 Stab: Sleeping          ||     3
Armor: Robe              ||     5
Dodge: Dodged            ||    57

Levels and vault maps discovered:
D:1:      denvon_arrival_planthouse, layout_rooms,
          shapermc_ecumenical_altar_totnotflames, serial_shops, shop
D:2:      minmay_door_path, layout_loops_ring, nrook_mini_vaults,
          minmay_crystal_water, minmay_misc_feat_more_columns,
          grunt_ministairs_3

Notes
Turn   | Place    | Note
-------+----------+-------------------------------------------
     0 | D:1      | demibob the Ghoul Monk began the quest for the Orb.
     0 | D:1      | Reached XP level 1. HP: 19/19 MP: 0/0
    91 | D:1      | You fall into a shaft and drop 1 floor!
   488 | D:2      | Reached skill level 4 in Unarmed Combat
   488 | D:2      | Reached XP level 2. HP: 14/26 MP: 1/1
   787 | D:1      | Found a faded altar of an unknown god.
   831 | D:1      | Prayed at the altar of an unknown god.
   831 | D:1      | Became a worshipper of Warmaster Okawaru
   831 | D:1      | Reached * piety under Okawaru
   831 | D:1      | Reached ** piety under Okawaru
   844 | D:1      | Reached XP level 3. HP: 31/31 MP: 2/2
  1202 | D:1      | Found Aqiwaoss's Assorted Antiques.
  1551 | D:2      | Reached skill level 1 in Invocations
  1557 | D:2      | Slain by a gnoll

Vanquished Creatures
  A gnoll (D:2)
  An adder (D:2)
  A dart slug (D:1)
  5 ball pythons
  3 endoplasms
  3 giant cockroaches
  2 goblins (D:1)
  3 hobgoblins
  3 quokkas (D:1)
  2 frilled lizards
  3 kobolds
  2 rats
29 creatures vanquished.

Table legend: (Time is in decaauts)
 A = Elapsed time spent in this place.
 B = Non-inter-level travel time spent in this place.
 C = Inter-level travel time spent in this place.
 D = Time resting spent in this place.
 E = Time spent auto-exploring this place.
 F = Levels seen in this place.
 G = Mean time per level.
                   A        B        C        D        E       F      G
               +--------+--------+--------+--------+--------+-----+--------+
         Total |   1551 |   1471 |     80 |    230 |   1040 |   2 |  775.5 |
       Dungeon |   1551 |   1471 |     80 |    230 |   1040 |   2 |  775.5 |
               +--------+--------+--------+--------+--------+-----+--------+

Top non-repeatable levels by time:
     D:1: 855 daAuts
     D:2: 696 daAuts

Table legend:
 A = Non-vault XP
 B = Vault XP
 C = Vault XP percentage of total XP
 D = Non-vault monster count
 E = Vault monster count
 F = Vault count percentage of total count
                 A         B        C        D         E       F
            +---------+---------+-------+---------+---------+-------
      Total |      60 |      15 |  20.0 |      27 |       2 |   6.9
            +---------+---------+-------+---------+---------+-------
        D:1 |      35 |       0 |   0.0 |      19 |       0 |   0.0
        D:2 |      25 |      15 |  37.5 |       8 |       2 |  20.0
            +---------+---------+-------+---------+---------+-------
